 Dungeon Crawl Stone Soup version 0.29-a0-8-g0446c0dae4 (webtiles) character file.

Game seed: 17613639830820566376

418 HallandMoats the Ruffian (level 6, 0/50 HPs)
             Began as a Ghoul Monk on Jan 27, 2022.
             Was an Elder of Hepliaklqana.
             Slain by a scorpion (3 damage)
             ... on level 4 of the Dungeon.
             The game lasted 00:05:17 (4187 turns).

HallandMoats the Ruffian (Ghoul Monk)               Turns: 4187, Time: 00:05:17

Health: 0/50       AC:  5    Str: 15    XL:     6   Next: 93%
Magic:  5/5        EV: 17    Int:  5    God:    Hepliaklqana [****..]
Gold:   154        SH:  0    Dex: 13    Spells: 5/5 levels left

rFire   . . .      SeeInvis .     - Unarmed
rCold   + + .      Faith    .   (no shield)
rNeg    + + +      Spirit   .   d - +2 robe {rN+}
rPois   ∞          Reflect  .   (no helmet)
rElec   .          Harm     .   (no cloak)
rCorr   .          Rampage  .   (no gloves)
Will    .....                   h - +0 pair of boots
Stlth   ++........              (no amulet)
HPRegen 0.00/turn               g - ring of protection from cold
MPRegen 0.09/turn               q - +4 ring of evasion

@: inhibited regen, hasted, very quick
A: reduced essence, claws 1, cold resistance 1, negative energy resistance 3,
inhibited regeneration, torment resistance 2
a: Renounce Religion, Recall Ancestor, Ancestor Identity, Transference, Idealise


You were on level 4 of the Dungeon.
You worshipped Hepliaklqana.
Hepliaklqana was greatly pleased with you.
You visited 1 branch of the dungeon, and saw 5 of its levels.

You collected 154 gold pieces.

Inventory:

Armour
 d - a +2 robe of positive energy (worn)
 h - a +0 pair of boots (worn)
 i - a +0 scale mail
Jewellery
 g - a ring of protection from cold (left claw)
 m - a ring of see invisible
 q - a +4 ring of evasion (right claw)
Wands
 l - a wand of polymorph (8)
Scrolls
 a - a scroll of noise {unknown}
 c - a scroll of acquirement {unknown}
 e - a scroll of immolation {unknown}
 f - 2 scrolls of identify
 j - 2 scrolls of magic mapping {unknown}
 k - 2 scrolls of teleportation {unknown}
 r - a scroll of enchant weapon {unknown}
 s - a scroll of fear {unknown}
Potions
 b - 2 potions of curing
 n - a potion of flight
 o - a potion of might


   Skills:
 * Level 5.4 Fighting
 + Level 2.1 Armour
 + Level 3.7 Dodging
 - Level 2.1 Stealth
 * Level 5.4 Unarmed Combat


You had 5 spell levels left.
You didn't know any spells.
Your spell library contained the following spells:

 Spells                   Type           Power      Damage    Failure   Level
 Magic Dart               Conj           0%         1d3       47%         1
 Summon Small Mammal      Summ           0%         N/A       47%         1
 Call Imp                 Summ           0%         N/A       63%         2
 Call Canine Familiar     Summ           0%         N/A       85%         3
 Mephitic Cloud           Conj/Pois/Air  0%         N/A       85%         3
 Summon Guardian Golem    Hex/Summ       0%         N/A       85%         3


Dungeon Overview and Level Annotations

Branches:
Dungeon (5/15)
 Temple: D:4-7

Altars:
Ashenzari
Hepliaklqana


Innate Abilities, Weirdness & Mutations

Your life essence is reduced to manifest your ancestor. (-10% HP)
You thrive by killing the living.
You are immune to poison.
You have sharp fingernails.
Your flesh is cold resistant. (rC+)
You are immune to negative energy. (rN+++)
You do not regenerate when monsters are visible.
You are immune to unholy pain and torment.


Message History

The troll is moderately wounded.
Sir Stabby points at the troll and mumbles some strange words.
The troll resists with some effort.
You claw the troll!
The troll is heavily wounded.
The troll bites you. The troll claws you!
* * * LOW HITPOINT WARNING * * *
The troll misses you.
A scorpion comes into view.
Sir Stabby hits the troll with a +0 dagger of draining.
Sir Stabby drains the troll.
The troll bites Sir Stabby.
The troll claws Sir Stabby.
The troll claws Sir Stabby!
Sir Stabby gestures at the troll while chanting.
The troll resists with some effort.
The troll barely misses Sir Stabby.
The troll claws Sir Stabby.
Sir Stabby is destroyed!
There is a stone staircase leading up here.
Aiming: Polymorph
Press: ? - help, Shift-Dir - straight line, f - scorpion
Aim: a scorpion (will become a kobold, a giant cockroach, or a centaur, chance to affect: 49%)
Okay, then.
Unknown command.
Unknown command.
q - a +4 ring of evasion (right claw)
The scorpion misses you.
You climb upwards.
There is a stone staircase leading down here.
You completely miss the scorpion.
The scorpion stings you but does no damage.
You scratch the scorpion.
The scorpion is lightly wounded.
You scratch the scorpion.
The scorpion is heavily wounded.
The scorpion stings you.
* * * LOW HITPOINT WARNING * * *
You barely miss the scorpion.
The scorpion is heavily wounded.
The scorpion stings you.
You die...

### #### #.## ###..#### ##..##
#.......### #....# ##........#
##>.#######........#
###..##...##.).......
####.#.s.#...##.........
##....#.@...(.#..........
#..................#.....
###...#......#....##.....
#...#............#.#.#.
##...............#####.
####...........##..###...
###..#..........###...#....
##.#......#......# ##..#....
###......#...##....####....##.


You could see a scorpion.

Vanquished Creatures
  A necrophage (D:4)
  Jessica (D:2)
  3 gnolls (D:3)
  5 adders
  A dart slug (D:2)
  2 orcs (D:3)
  4 ball pythons
  3 endoplasms (D:1)
  3 giant cockroaches
  10 hobgoblins
  5 quokkas
  8 bats
  3 frilled lizards
  15 goblins
  7 kobolds
  8 rats
79 creatures vanquished.

Vanquished Creatures (collateral kills)
  2 centaur zombies (D:5)
  An iguana (D:4)
  Terence (D:2)
  A gnoll (D:3)
  2 adders
  2 ball pythons (D:2)
  2 jackals (D:1)
  A rat (D:1)
12 creatures vanquished.

Vanquished Creatures (others)
  2 hexers
2 creatures vanquished.

Grand Total: 93 creatures vanquished

Notes
Turn   | Place    | Note
-------+----------+-------------------------------------------
     0 | D:1      | HallandMoats the Ghoul Monk began the quest for the Orb.
     0 | D:1      | Reached XP level 1. HP: 19/19 MP: 0/0
   121 | D:1      | Reached XP level 2. HP: 26/26 MP: 1/1
   181 | D:1      | Found a faded altar of an unknown god.
   198 | D:1      | Prayed at the altar of an unknown god.
   198 | D:1      | Became a worshipper of Hepliaklqana the Forgotten
   198 | D:1      | Reached * piety under Hepliaklqana
   198 | D:1      | Reached ** piety under Hepliaklqana
   199 | D:1      | Remembered your ancestor Sir Stabby as a hexer
   261 | D:1      | Reached *** piety under Hepliaklqana
   617 | D:1      | Reached XP level 3. HP: 26/29 MP: 2/2
   991 | D:2      | Noticed Jessica
   995 | D:2      | Killed Jessica
   996 | D:2      | Reached skill level 1 in Armour
  1000 | D:2      | Reached XP level 4. HP: 36/36 MP: 3/3
  1408 | D:2      | Noticed Terence
  1421 | D:2      | Killed Terence
  2102 | D:2      | Reached XP level 5. HP: 42/42 MP: 4/4
  2138 | D:2      | Identified the +1 mace "Rocimnue" {protect, *Corrode rPois
                  | Str+4 Int+5}
  2875 | D:3      | Found a broken altar of Ashenzari.
  3637 | D:4      | Noticed a necrophage
  3648 | D:4      | Killed a necrophage
  3649 | D:4      | Reached skill level 5 in Fighting
  3649 | D:4      | Reached skill level 5 in Unarmed Combat
  3649 | D:4      | Reached XP level 6. HP: 28/50 MP: 5/5
  3860 | D:4      | Reached **** piety under Hepliaklqana
  4147 | D:5      | Entered Level 5 of the Dungeon
  4163 | D:5      | Noticed a troll
  4187 | D:4      | Slain by a scorpion

Illustrated notes

Levels and vault maps discovered:
D:1:      onia_arrival_pyramid, layout_basic,
          hellmonk_ecumenical_altar_heavens_door, chequers_jeans, minivault_5
D:2:      minmay_chambers_of_twos, layout_basic, uniq_terence, uniq_jessica
D:3:      corexii_shack_village, layout_basic, nicolae_ashenzari_skybound,
          chequers_arboretum, saegor_snake_ambush
D:4:      layout_cave_pools, chequers_garden
D:5:      layout_basic, minmay_temple_entry_hall, minmay_manual_mandibuliform

Skill      XL: |  1  2  3  4  5  6 |
---------------+-------------------+-----
Fighting       | 4 5 |  5.4
Armour         | 1 2 |  2.1
Dodging        | 3 |  3.7
Unarmed Combat | 4 5 |  5.4
Stealth        | |  2.1

Action                   |  1- 3 |  4- 6 || total
-------------------------+-------+-------++-------
Melee: Unarmed           |    70 |   187 ||   257
       Punch             |       |     9 ||     9
Invok: Ancestor Life: He |     1 |       ||     1
       Ancestor Identity |       |     1 ||     1
  Use: Scroll            |       |     3 ||     3
       Potion            |       |     1 ||     1
 Stab: Sleeping          |     5 |     9 ||    14
       Confused          |       |     5 ||     5
Armor: Robe              |    13 |    33 ||    46
Dodge: Dodged            |    43 |   114 ||   157

Table legend: (Time is in decaauts)
 A = Elapsed time spent in this place.
 B = Non-inter-level travel time spent in this place.
 C = Inter-level travel time spent in this place.
 D = Time resting spent in this place.
 E = Time spent auto-exploring this place.
 F = Levels seen in this place.
 G = Mean time per level.
                   A        B        C        D        E       F      G
               +--------+--------+--------+--------+--------+-----+--------+
         Total |   4181 |   4050 |    131 |    134 |   3331 |   5 |  836.2 |
       Dungeon |   4181 |   4050 |    131 |    134 |   3331 |   5 |  836.2 |
               +--------+--------+--------+--------+--------+-----+--------+

Top non-repeatable levels by time:
     D:2: 1555 daAuts
     D:3: 1112 daAuts
     D:1: 932 daAuts
     D:4: 551 daAuts
     D:5: 28 daAuts
